 Dungeon Crawl Stone Soup version 0.30-a0-1160-g6e42c06551 (webtiles) character file.

Game seed: 2295327998625002973

33 CoinPitGoblin the Conjurer (level 3, -1/20 HPs)
             Began as a Deep Elf Conjurer on Apr 26, 2023.
             Slain by Natasha (6 damage)
             ... on level 2 of the Dungeon.
             The game lasted 00:02:24 (893 turns).

CoinPitGoblin the Conjurer (Deep Elf Conjurer)       Turns: 893, Time: 00:02:25

Health: -1/20      AC:  2    Str:  4    XL:     3   Next: 12%
Magic:  9/9        EV: 12    Int: 24    God:
Gold:   45         SH:  0    Dex: 13    Spells: 5/8 levels left

rFire   . . .        c - +0 short sword
rCold   . . .        (no shield)
rNeg    . . .        a - +0 robe
rPois   .            (no helmet)
rElec   .            (no cloak)
rCorr   .            (no gloves)
SInv    .            (no boots)
Will    .....        (no amulet)
Stlth   ++           (no ring)
HPRegen 0.23/turn    (no ring)
MPRegen 0.11/turn

%: no passive effects
@: slowed, very slow
A: no striking features
a: no special abilities


You were on level 2 of the Dungeon.
You visited 1 branch of the dungeon, and saw 2 of its levels.

You collected 45 gold pieces.

Inventory:

Hand Weapons
 c - a +0 short sword (weapon)
Armour
 a - a +0 robe (worn)
Scrolls
 j - a scroll of fear {unknown}
Potions
 b - a potion of magic
 f - a potion of cancellation {unknown}


   Skills:
 * Level 0.6 Fighting
 + Level 2.7 Dodging
 - Level 2.4 Stealth
 * Level 3.3 Spellcasting
 + Level 5.1 Conjurations


You had 5 spell levels left.
You knew the following spells:

 Your Spells              Type           Power      Damage    Failure   Level
a - Searing Ray           Conj           56%        2d6       1%          2
q - Magic Dart            Conj           100%       1d8       1%          1

Your spell library contained the following spells:

 Spells                   Type           Power      Damage    Failure   Level
 Dazzling Flash           Conj/Hex       32%        N/A       11%         3
 Fulminant Prism          Conj/Hex       8%         3d6       36%         4
 Iskenderun's Mystic Bla  Conj/Tloc      16%        2d5       36%         4


Dungeon Overview and Level Annotations

Branches:
Dungeon (2/15)

Altars:

Annotations:
D:2 Natasha


Message History

As you read the scroll labelled GEPSUG ARCHEXT, it crumbles to dust.
You feel strangely unstable.
It was a scroll of teleportation.
Blink to where?
Press: ? - help, Dir - move target
As you read the scroll labelled GAABLONGU, it crumbles to dust.
It was a scroll of blinking.
As you read the scroll labelled NONNAPLEPPA, it crumbles to dust.
The scroll dissolves into smoke.
It was a scroll of fog.
As you read the scroll labelled VAWNAE PI YNON, it crumbles to dust.
Magic quickly surges around you.
It was a scroll of vulnerability.
As you read the scroll labelled FETABA QOIB, it crumbles to dust.
A profound silence engulfs you.
It was a scroll of silence.
Your surroundings suddenly seem different.
Magic scrolls do not work when you're silenced!
Magic scrolls do not work when you're silenced!
There is an open door here.
There is an escape hatch in the floor here.
You slide downwards.
The hatch slams shut behind you.
Natasha, Servant of Life and Death comes into view.
Found a stone staircase leading up.
Natasha is nearby!
You cannot cast spells when silenced!
Found a cyan potion.
Natasha stares at you and mumbles some strange words.
You feel yourself slow down.
You feel your willpower return.
You feel troubled. Natasha closely misses you.
Natasha attacks as you move away! Natasha claws you! Natasha claws you!
* * * LOW HITPOINT WARNING * * *
Natasha closely misses you.
Okay, then.
Magic scrolls do not work when you're silenced!
Unknown command.
A rat comes into view.
Your hearing returns.
Natasha misses you. Natasha attacks as you move away! Natasha claws you.
You die...

#.....#. #
##########......#
.###
#..........#######...
#.#######.......#..#
#......#...#
####..........#
#...$.......###
#.####.##h.## #
#.....@## #.###.....#
#. #......... .
#...<....# .!
#......### .......#
.##.##.# .r .# .#


You could see Natasha and a rat (asleep).

Vanquished Creatures
  A gnoll (D:1)
  4 bats (D:1)
  An endoplasm (D:1)
  3 giant cockroaches (D:1)
  A hobgoblin (D:1)
  2 jackals (D:1)
  A ball python (D:1)
  3 frilled lizards (D:1)
  2 kobolds (D:1)
  7 rats (D:1)
25 creatures vanquished.

Notes
Turn   | Place    | Note
-------+----------+-------------------------------------------
     0 | D:1      | CoinPitGoblin the Deep Elf Conjurer began the quest for the
                  | Orb.
     0 | D:1      | Reached XP level 1. HP: 10/10 MP: 6/6
   115 | D:1      | You fall into a shaft and drop 1 floor!
   126 | D:1      | Reached XP level 2. HP: 14/16 MP: 0/8
   554 | D:1      | Reached skill level 5 in Conjurations
   637 | D:1      | Reached XP level 3. HP: 20/20 MP: 4/9
   640 | D:1      | Learned a level 2 spell: Searing Ray
   885 | D:2      | Noticed Natasha
   893 | D:2      | Slain by Natasha

Illustrated notes

Levels and vault maps discovered:
D:1:      heliophobic_arrival_battle_scene, layout_rooms
D:2:      layout_loops_ring, basic_altar, serial_shops,
          nicolae_shop_advertising_works [nicolae_subvault_shop_adworks],
          minivault_26, uniq_crazy_yiuf_cottage, uniq_jessica, uniq_natasha,
          uniq_sigmund

Skill      XL: |  1  2 |
---------------+-------+-----
Conjurations   | 5 |  5.1
Fighting       | |  0.6
Dodging        | |  2.7
Stealth        | |  2.4
Spellcasting   | |  3.3

Action                     || total
---------------------------++-------
   Cast: Magic Dart        ||    44
    Use: Scroll            ||     5
 Armour: Robe              ||     1
  Dodge: Dodged            ||     3

Table legend: (Time is in decaauts)
 A = Elapsed time spent in this place.
 B = Non-inter-level travel time spent in this place.
 C = Inter-level travel time spent in this place.
 D = Time resting spent in this place.
 E = Time spent auto-exploring this place.
 F = Levels seen in this place.
 G = Mean time per level.
                   A        B        C        D        E       F      G
               +--------+--------+--------+--------+--------+-----+--------+
         Total |    893 |    834 |     59 |      0 |    720 |   2 |  446.5 |
       Dungeon |    893 |    834 |     59 |      0 |    720 |   2 |  446.5 |
               +--------+--------+--------+--------+--------+-----+--------+

Top non-repeatable levels by time:
     D:1: 874 daAuts
     D:2: 19 daAuts
